 Dungeon Crawl Stone Soup version 0.20.1-1-g8b1a95d (webtiles) character file.

133 Rjadawoj the Twirler (level 4, -6/37 HPs)
             Began as a Minotaur Gladiator on Oct 18, 2017.
             Was a Follower of Yredelemnul.
             Killed from afar by a white imp (12 damage)
             ... with a puff of frost
             ... summoned by Natasha
             ... on level 3 of the Dungeon.
             The game lasted 00:21:33 (2018 turns).

Rjadawoj the Twirler (Minotaur Gladiator)           Turns: 2018, Time: 00:21:33

Health: -6/37      AC:  6    Str: 18    XL:     4   Next: 93%
Magic:  3/3        EV: 11    Int:  5    God:    Yredelemnul [*.....]
Gold:   95         SH:  0    Dex: 13    Spells: 3/3 levels left

rFire    + . .     SeeInvis .   a - +0 quarterstaff
rCold    . . .     Gourm    .   (shield currently unavailable)
rNeg     . . .     Faith    .   o - +0 scale mail {rF+}
rPois    .         Spirit   .   c - +0 hat
rElec    .         Reflect  .   (no cloak)
rCorr    .         Harm     .   (no gloves)
MR       .....                  (no boots)
Stlth    ..........             (no amulet)
Regen    0.2/turn               (no ring)
MPRegen  0.1/turn               (no ring)

@: slowed, very slow
A: retaliatory headbutt, horns 2
a: Animate Remains, Renounce Religion


You were on level 3 of the Dungeon.
You worshipped Yredelemnul.
Yredelemnul was aware of your devotion.
You were not hungry.

You visited 1 branch of the dungeon, and saw 3 of its levels.

You collected 95 gold pieces.

Inventory:

Hand Weapons
 a - a +0 quarterstaff (weapon)
Missiles
 s - 2 throwing nets (quivered)
Armour
 c - a +0 hat (worn)
 o - a +0 scale mail of fire resistance (worn)
 p - a +0 chain mail
Jewellery
 i - an uncursed ring of positive energy {unknown}
 t - an uncursed ring of protection from magic {unknown}
Wands
 d - a wand of confusion (26/48)
 w - a wand of polymorph (8/24)
Scrolls
 b - a scroll of remove curse {unknown}
 h - 6 scrolls of teleportation {unknown}
 j - a scroll of fear {unknown}
 k - 2 scrolls of identify {unknown}
 l - 3 scrolls of fog {unknown}
 n - a scroll of enchant weapon {unknown}
 r - 2 scrolls of recharging {unknown}
 v - a scroll of noise {unknown}
Potions
 e - 2 potions of curing
 g - a potion of degeneration {unknown}
 m - 2 potions of might {unknown}
 q - a potion of mutation {unknown}
Comestibles
 f - a bread ration
 u - a fruit


   Skills:
 - Level 2.4 Fighting
 + Level 6.8 Staves
 - Level 2.0 Throwing
 - Level 3.2 Dodging
 + Level 0.4 Invocations


You had 3 spell levels left.
You didn't know any spells.

Dungeon Overview and Level Annotations

Branches:
Dungeon (3/15)

Altars:
Elyvilon
Yredelemnul
Zin
The Shining One

Annotations:
D:3 Natasha


Innate Abilities, Weirdness & Mutations

You reflexively headbutt those who attack you in melee.
You have a pair of horns on your head.


Message History

You closely miss Natasha.
Natasha is severely wounded.
Natasha misses you. The white imp gestures at you. The puff of frost hits you!
The iron imp hits you. Natasha claws you.
* * * LOW HITPOINT WARNING * * *
The white imp hits you but does no damage.
You closely miss Natasha.
Natasha is severely wounded.
The iron imp hits you.
* * * LOW HITPOINT WARNING * * *
Natasha barely misses you.
The white imp hits you but does no damage.
The iron imp closely misses you.
Your unstable footing causes you to fumble your attack.
Natasha barely misses you. The white imp gestures at you.
The puff of frost hits you!
You die...
Your body rises from the dead as a mindless zombie.

#.# #....#.# #.#
#.####.#
#.########.####.#
#.........≈.≈...##
#.≈...≈..≈≈≈.....#
#...≈≈≈≈≈≈≈≈≈...##
#.≈≈≈≈≈≈≈≈≈≈≈≈..#
#...≈≈≈≈≈≈≈≈≈...#
##..≈≈≈♣.≈≈≈≈5@.#
#.≈≈≈≈♣_≈≈≈≈5h.#
#.≈≈≈≈..≈≈≈≈≈..#
#≈.≈≈≈≈≈≈≈≈≈≈..#
#..≈≈≈≈≈≈≈≈≈...#
#≈.≈≈≈≈≈≈≈≈≈...#
#...≈).≈..≈.≈.##
#≈≈.....≈....≈#
####....###.###


You could see an iron imp, Natasha and a white imp.

Vanquished Creatures
  Natasha (D:3)
  Ijyb (D:3)
  2 adders (D:2)
  A worm (D:1)
  2 dart slugs
  A leopard gecko (D:1)
  An orc (D:3)
  A giant cockroach (D:3)
  8 goblins
  7 hobgoblins
  6 jackals (D:2)
  A quokka (D:2)
  A ball python (D:3)
  7 bats
  5 frilled lizards
  2 kobolds
  3 rats (D:1)
50 creatures vanquished.

Vanquished Creatures (collateral kills)
  A dart slug (D:3)
  An orc (D:3)
2 creatures vanquished.

Vanquished Creatures (others)
  A goblin zombie (D:3)
  A hobgoblin zombie (D:3)
2 creatures vanquished.

Grand Total: 54 creatures vanquished

Notes
Turn   | Place    | Note
-------+----------+-------------------------------------------
     0 | D:1      | Rjadawoj the Minotaur Gladiator began the quest for the Orb.
     0 | D:1      | Reached XP level 1. HP: 18/18 MP: 0/0
    92 | D:1      | Reached skill level 4 in Staves
   116 | D:1      | Reached XP level 2. HP: 22/25 MP: 1/1
   744 | D:1      | Reached skill level 5 in Staves
   864 | D:2      | Reached XP level 3. HP: 27/30 MP: 2/2
  1011 | D:2      | Found a glowing golden altar of the Shining One.
  1011 | D:2      | Found a glowing silver altar of Zin.
  1011 | D:2      | Found a white marble altar of Elyvilon.
  1502 | D:3      | Noticed Ijyb
  1516 | D:3      | Killed Ijyb
  1516 | D:3      | Reached skill level 6 in Staves
  1516 | D:3      | Reached XP level 4. HP: 37/37 MP: 3/3
  1542 | D:3      | Found a faded altar of an unknown god.
  1564 | D:3      | Became a worshipper of Yredelemnul the Dark
  1564 | D:3      | Reached * piety under Yredelemnul
  1892 | D:3      | Noticed Natasha
  1902 | D:3      | Killed Natasha
  2003 | D:3      | Noticed Natasha
  2018 | D:3      | Killed from afar by a white imp

Skill      XL: |  1  2  3 |
---------------+----------+-----
Staves         | 4 5 6 |  6.8
Fighting       | |  2.4
Throwing       | |  2.0
Dodging        | |  3.2
Invocations    | |  0.4

Action                   |  1- 3 |  4- 6 || total
-------------------------+-------+-------++-------
Melee: Quarterstaff      |    77 |    40 ||   117
       Headbutt          |    10 |     8 ||    18
Throw: Throwing net      |     3 |     1 ||     4
Invok: Animate Remains   |       |     3 ||     3
  Eat: Bread ration      |     1 |       ||     1
Armor: Leather armour    |    14 |       ||    14
       Scale mail        |    20 |    20 ||    40
       Ring mail         |     3 |       ||     3
Dodge: Dodged            |    55 |    22 ||    77
